 Dungeon Crawl Stone Soup version 0.29-a0-338-g1ff7896281 (webtiles) character file.

Game seed: 11709061628785062920

6283 Ijustatesigmund the Thaumaturge (level 10, -1/54 HPs)
             Began as a Deep Elf Fire Elementalist on Apr 19, 2022.
             Succumbed to Harold's poison
             ... on level 9 of the Dungeon.
             The game lasted 00:27:46 (10909 turns).

Ijustatesigmund the Thaumaturge (DEFE)             Turns: 10909, Time: 00:27:46

Health: -1/54      AC:  7    Str:  5    XL:     10   Next: 63%
Magic:  13/35      EV:  7    Int: 29    God:
Gold:   198        SH:  0    Dex: 18    Spells: 17/29 levels left

rFire   . . .      SeeInvis +   g - +7 dagger "Deigieru" {freeze, Int+4 Dex+3 Stlth+}
rCold   . . .      Faith    .   B - +0 buckler
rNeg    . . .      Spirit   .   a - +0 robe
rPois   .          Reflect  .   f - +1 helmet
rElec   .          Harm     .   e - +1 cloak
rCorr   .          Rampage  .   (no gloves)
Will    +....                   t - +0 pair of boots
Stlth   +++.......              F - amulet of regeneration
HPRegen 0.98/turn               x - ring of magical power
MPRegen 0.24/turn               E - ring of wizardry

@: lethally poisoned (-1 -> -16), held
A: see invisible, wild magic 1, noise suppression
a: no special abilities


You were on level 9 of the Dungeon.
You visited 2 branches of the dungeon, and saw 10 of its levels.

You collected 558 gold pieces.
You spent 360 gold pieces at shops.

Inventory:

Hand Weapons
 g - the +7 dagger "Deigieru" (weapon) {freeze, Int+4 Dex+3 Stlth+}
   (You found it on level 3 of the Dungeon)

   It freezes those it strikes, dealing additional cold damage.
   It can also slow down cold-blooded creatures.
   Int:       It affects your intelligence (+4).
   Dex:       It affects your dexterity (+3).
   Stlth:     It makes you more stealthy.
 k - a +3 short sword of electrocution
Armour
 a - a +0 robe (worn)
 e - a +1 cloak (worn)
 f - a +1 helmet (worn)
 r - a +0 kite shield
 t - a +0 pair of boots (worn)
 B - a +0 buckler (worn)
Jewellery
 x - a ring of magical power (left hand)
 E - a ring of wizardry (right hand)
 F - an amulet of regeneration (around neck)
Wands
 u - a wand of digging (3)
 y - a wand of charming (3)
 z - a wand of flame (43)
Scrolls
 h - 3 scrolls of amnesia
 o - a scroll of holy word
 A - a scroll of immolation
 D - a scroll of fog
Potions
 b - 2 potions of magic
 c - a potion of heal wounds
 d - 2 potions of resistance
 i - 3 potions of invisibility
 j - 4 potions of mutation
 l - 2 potions of might
 m - a potion of cancellation
 n - 3 potions of lignification
 p - a potion of haste
 q - a potion of curing
 v - 2 potions of attraction
 w - 3 potions of brilliance {unknown}
 C - a potion of berserk rage {unknown}


   Skills:
 - Level 2.4 Fighting
 - Level 3.0 Short Blades
 - Level 4.4 Dodging
 - Level 2.4 Stealth
 - Level 3.2 Shields
 + Level 10.1 Spellcasting
 + Level 8.2 Conjurations
 + Level 1.4 Transmutations
 + Level 8.7 Fire Magic
 + Level 4.7 Earth Magic
 - Level 5.3 Evocations


You had 17 spell levels left.
You knew the following spells:

 Your Spells              Type           Power      Damage    Failure   Level
a - Foxfire               Conj/Fire      100%       2x1d9     1%          1
b - Scorch                Fire           100%       2d10      1%          2
c - Flame Wave            Conj/Fire      70%        2d13      1%          4
d - Stone Arrow           Conj/Erth      100%       3d13      1%          3
e - Passwall              Tmut/Erth      35%        N/A       1%          2

Your spell library contained the following spells:

 Spells                   Type           Power      Damage    Failure   Level
 Sandblast                Erth           100%       2d20      1%          1
 Conjure Flame            Conj/Fire      70%        6-21      1%          3
 Inner Flame              Hex/Fire       51%        N/A       1%          3
 Ozocubu's Armour         Ice            19%        N/A       9%          3
 Ozocubu's Refrigeration  Ice            9%         4d6       100%        7


Dungeon Overview and Level Annotations

Branches:
Dungeon (9/15)             Temple (1/1) D:5
   Lair: D:8-11         Orc: D:9-12

Altars:
Ashenzari
Dithmenos
Elyvilon
Fedhas
Gozag
Hepliaklqana
Kikubaaqudgha
Makhleb
Nemelex Xobeh
Ru
Sif Muna
Trog
Uskayaw
Xom
Yredelemnul
Zin
The Shining One

Shops:
D:2 (   D:5 (   D:8 =

Annotations:
D:9 Harold


Innate Abilities, Weirdness & Mutations

You have supernaturally acute eyesight. (SInv)
Your spells are a little harder to cast, but a little more powerful.
You passively dampen the noise of your surroundings.


Message History

You finish channelling waves of flame.
The yak closely misses you.
The kobold brigand hits you with a +0 short sword!
Harold throws a throwing net.
The throwing net hits you.
You become entangled in the net!
Casting: Flame Wave (dangerous; 1% risk of failure)
Confirm with . or Enter, or press ? or * to list all spells.
Casting: Flame Wave (dangerous; 1% risk of failure)
Press: ? - help, Dir - look around, f - activate A wave of flame ripples out!
The flame wave engulfs the kobold brigand!
You kill the kobold brigand!
The flame wave engulfs the yak!
You kill the yak! (Press . to intensify the flame waves.) Harold barely misses you.
A wave of flame ripples out!
The flame wave engulfs the kobold!
You kill the kobold!
The flame wave engulfs Harold.
Harold is moderately wounded.
Harold hits you from afar with a +4 glaive of venom!
You are poisoned.
A wave of flame ripples out!
The flame wave engulfs Harold!
Harold is heavily wounded.
You finish channelling waves of flame.
You feel very sick.
Harold hits you from afar with a +4 glaive of venom!
* * * LOW HITPOINT WARNING * * *
You are lethally poisoned!
You feel much better.
You feel very sick.
Harold hits you from afar with a +4 glaive of venom!
* * * LOW HITPOINT WARNING * * *
You are more poisoned.
You feel better.
Harold hits you from afar with a +4 glaive of venom!!
* * * LOW HITPOINT WARNING * * *
You are lethally poisoned!
As you read the scroll of fear, it crumbles to dust.
You assume a fearsome visage.
Harold looks frightened!
You die...

...............#
.................# #.#
#............# ..#
##..........# #.#
#.....#.##..# #.#
##.#.####....
.#.####@####..#..###...#
......)..........##....#
.....).@.............[.[
.......†.......#.......[
......................)#
.......................#
..............##........
.............##....[....
..#..#..................
.#######.....##..)<.....
#.).).....


You could see Harold (fleeing).

Vanquished Creatures
  Joseph (D:7)
  2 hornets (D:9)
  Prince Ribbit (D:6)
  A wyvern (D:9)
  7 yaks (D:9)
  3 vampire mosquitoes (D:6)
  2 water moccasins
  An orc warrior (D:9)
  A sky beast (D:7)
  An ice beast (D:7)
  5 ogres
  3 centaurs
  A phantom (D:4)
  A kobold brigand (D:9)
  A gnoll sergeant (D:9)
  2 bullfrogs
  2 scorpions (D:5)
  17 wights
  10 killer bees (D:7)
  2 howler monkeys
  2 hounds
  A centaur zombie (D:5)
  A jelly (D:8)
  Crazy Yiuf (D:2)
  3 orc priests
  A bullfrog skeleton (D:5)
  A scorpion zombie (D:5)
  6 iguanas
  An orc wizard (D:9)
  4 hound zombies (D:5)
  5 gnolls (D:9)
  12 adders
  A shadow imp (D:7)
  An ufetubus (D:4)
  An adder zombie (D:5)
  2 worms (D:3)
  5 dart slugs
  22 orcs
  8 ball pythons
  10 endoplasms
  4 giant cockroaches
  6 goblins
  6 hobgoblins
  7 kobolds
  7 quokkas
  8 bats
  4 frilled lizards
  7 rats
201 creatures vanquished.

Vanquished Creatures (collateral kills)
  A foxfire (D:5)
1 creature vanquished.

Vanquished Creatures (others)
  571 foxfires
571 creatures vanquished.

Grand Total: 773 creatures vanquished

Notes
Turn   | Place    | Note
-------+----------+-------------------------------------------
     0 | D:1      | Ijustatesigmund the Deep Elf Fire Elementalist began the
                  | quest for the Orb.
     0 | D:1      | Reached XP level 1. HP: 10/10 MP: 6/6
   859 | D:1      | Reached XP level 2. HP: 15/15 MP: 6/8
   862 | D:1      | Learned a level 2 spell: Scorch
  1727 | D:2      | Found a faded altar of an unknown god.
  1753 | D:2      | Reached XP level 3. HP: 19/19 MP: 7/10
  2012 | D:2      | Reached skill level 4 in Spellcasting
  2108 | D:2      | Noticed an ogre
  2116 | D:2      | Killed an ogre
  2117 | D:2      | Reached XP level 4. HP: 24/24 MP: 4/12
  2347 | D:2      | Found Hipiodod's Weapon Shop.
  2501 | D:2      | Reached XP level 5. HP: 28/28 MP: 10/14
  2798 | D:2      | Reached skill level 5 in Spellcasting
  2907 | D:2      | Found a runed translucent door.
  2908 | D:2      | Noticed Crazy Yiuf
  2914 | D:2      | Killed Crazy Yiuf
  3111 | D:3      | Gained mutation: Your spells are a little harder to cast,
                  | but a little more powerful. [potion of mutation]
  3111 | D:3      | Gained mutation: You passively dampen the noise of your
                  | surroundings. [potion of mutation]
  3111 | D:3      | Gained mutation: You have supernaturally acute eyesight.
                  | (SInv) [potion of mutation]
  3440 | D:2      | Learned a level 4 spell: Flame Wave
  3542 | D:3      | Found a broken altar of Ashenzari.
  3545 | D:3      | Identified the +7 dagger "Deigieru" {freeze, Int+4 Dex+3
                  | Stlth+}
  3597 | D:3      | Reached skill level 5 in Fire Magic
  3597 | D:3      | Reached XP level 6. HP: 32/32 MP: 11/16
  4812 | D:4      | Reached skill level 6 in Spellcasting
  5087 | D:4      | Found an ancient bone altar of Kikubaaqudgha.
  5094 | D:4      | Found a glowing silver altar of Zin.
  5287 | D:5      | Entered Level 5 of the Dungeon
  5386 | D:5      | Reached XP level 7. HP: 37/37 MP: 15/18
  5407 | D:5      | Found a staircase to the Ecumenical Temple.
  5411 | Temple   | Entered the Ecumenical Temple
  5690 | D:5      | Reached skill level 1 in Short Blades
  5731 | D:5      | Reached skill level 1 in Fighting
  5797 | D:5      | Found a sacrificial altar of Ru.
  5969 | D:5      | You fall into a shaft and drop 1 floor!
  5993 | D:6      | Noticed a vampire mosquito
  5994 | D:6      | Noticed a vampire mosquito
  5994 | D:6      | Noticed a vampire mosquito
  5999 | D:6      | Killed a vampire mosquito
  6000 | D:6      | Reached skill level 5 in Conjurations
  6001 | D:6      | Killed a vampire mosquito
  6002 | D:6      | Reached XP level 8. HP: 21/44 MP: 7/20
  6188 | D:6      | Reached skill level 7 in Spellcasting
  6390 | D:5      | Found Erejag's Antique Weapon Shop.
  7038 | D:6      | Noticed Prince Ribbit
  7047 | D:6      | Killed Prince Ribbit
  7153 | D:6      | Reached skill level 8 in Spellcasting
  7662 | D:7      | Found a basalt altar of Yredelemnul.
  7667 | D:7      | Reached XP level 9. HP: 49/49 MP: 23/23
  7997 | D:7      | Reached skill level 1 in Evocations
  8401 | D:7      | Noticed Joseph
  8409 | D:7      | Killed Joseph
  8410 | D:7      | Reached skill level 9 in Spellcasting
  8707 | D:7      | Learned a level 3 spell: Stone Arrow
  8843 | D:7      | Reached skill level 1 in Shields
  8843 | D:7      | Reached skill level 1 in Earth Magic
  9679 | D:8      | Reached XP level 10. HP: 54/54 MP: 25/25
  9772 | D:8      | Found Wiew's Jewellery Emporium.
 10342 | D:9      | Learned a level 2 spell: Passwall
 10406 | D:9      | Reached skill level 5 in Evocations
 10795 | D:8      | Bought an amulet of regeneration for 360 gold pieces
 10897 | D:9      | Noticed Harold
 10900 | D:9      | Reached skill level 10 in Spellcasting
 10902 | D:9      | Reached skill level 1 in Transmutations
 10909 | D:9      | Succumbed to Harold's poison

Illustrated notes

Levels and vault maps discovered:
D:1:      lemuel_arrival_rhombus, layout_basic
D:2:      minmay_wonky_spiral, layout_rooms, serial_shops,
          nicolae_shop_bloodbath_and_beyond,
          ebering_ecumenical_altar_sacrificial, minmay_unequal,
          uniq_crazy_yiuf_cottage
D:3:      layout_basic, nicolae_ashenzari_panopticon, minmay_puff
D:4:      layout_cave_pools, mainiacjoe_overflow_large_starburst
D:5:      layout_cave_pools, lemuel_tele_altar, minmay_temple_entry_grid,
          serial_shops, nicolae_lakefront_shop, serial_undead, serial_undead_e,
          serial_undead_d, serial_undead_a, serial_undead_f
D:6:      layout_loops_ring, chequers_serial_rivers_micro_c, uniq_prince_ribbit1
D:7:      layout_loops_cross, mainiacjoe_overflow_tiny_flanked,
          minmay_misc_feat_four_crosses, uniq_joseph
D:8:      layout_basic, serial_shops, nicolae_take_the_stairs
D:9:      layout_cave_pools, uniq_harold
Temple:   hc_temple_tempest_star

Skill      XL: |  1  2  3  4  5  6  7  8  9 10 |
---------------+-------------------------------+-----
Conjurations   | 2 3 4 5 6 7 8 |  8.2
Spellcasting   | 4 5 6 8 9 10 | 10.1
Fire Magic     | 4 5 6 7 8 |  8.7
Short Blades   | 2 3 |  3.0
Dodging        | 3 4 |  4.4
Fighting       | 1 2 |  2.4
Evocations     | 4 5 |  5.3
Shields        | 2 3 |  3.2
Earth Magic    | 3 4 |  4.7
Transmutations | 1 |  1.4
Stealth        | |  2.4

Action                   |  1- 3 |  4- 6 |  7- 9 | 10-12 || total
-------------------------+-------+-------+-------+-------++-------
Melee: Short sword       |       |     2 |       |       ||     2
       Dagger            |       |     1 |    11 |       ||    12
 Cast: Foxfire           |    72 |   107 |   127 |    26 ||   332
       Scorch            |     2 |    15 |    30 |     5 ||    52
       Flame Wave        |       |     1 |     9 |    11 ||    21
       Stone Arrow       |       |       |       |    10 ||    10
  Use: Scroll            |       |    12 |     4 |     5 ||    21
       Potion            |       |     1 |       |     2 ||     3
 Stab: Sleeping          |       |     2 |     9 |       ||    11
Armor: Robe              |     2 |     3 |    15 |     3 ||    23
Dodge: Dodged            |     6 |    12 |    50 |    14 ||    82
Block: Buckler           |       |       |       |     2 ||     2

Table legend: (Time is in decaauts)
 A = Elapsed time spent in this place.
 B = Non-inter-level travel time spent in this place.
 C = Inter-level travel time spent in this place.
 D = Time resting spent in this place.
 E = Time spent auto-exploring this place.
 F = Levels seen in this place.
 G = Mean time per level.
                   A        B        C        D        E       F      G
               +--------+--------+--------+--------+--------+-----+--------+
         Total |  10910 |  10575 |    335 |   2723 |   6311 |  10 | 1091.0 |
       Dungeon |  10673 |  10347 |    326 |   2723 |   6095 |   9 | 1185.9 |
        Temple |    236 |    227 |      9 |      0 |    216 |   1 |  236.0 |
               +--------+--------+--------+--------+--------+-----+--------+

Top non-repeatable levels by time:
     D:2: 1760 daAuts
     D:1: 1631 daAuts
     D:7: 1514 daAuts
     D:3: 1179 daAuts
     D:6: 1108 daAuts
     D:8: 1017 daAuts
     D:5: 954 daAuts
     D:9: 766 daAuts
     D:4: 741 daAuts
  Temple: 236 daAuts
